 Dungeon Crawl Stone Soup version 0.27-a0-1188-g73eefd5def (webtiles) character file.

Game seed: 6928601978042862161

546 Lemonice the Poker (level 7, -3/54 HPs)
             Began as a Merfolk Gladiator on May 21, 2021.
             Killed themself with a badly aimed burst of rock shards (17 damage)
             ... on level 5 of the Dungeon.
             The game lasted 00:07:51 (5107 turns).

Lemonice the Poker (Merfolk Gladiator)              Turns: 5107, Time: 00:07:51

Health: -3/54      AC:  6    Str: 16    XL:     7   Next: 28%
Magic:  7/7        EV: 14    Int:  8    God:
Gold:   193        SH:  5    Dex: 15    Spells: 6/6 levels left

rFire    . . .     SeeInvis .   a - +0 trident
rCold    . . .     Faith    .   (no shield)
rNeg     . . .     Spirit   .   b - +0 leather armour
rPois    .         Reflect  +   c - +0 helmet
rElec    .         Harm     .   k - +0 cloak
rCorr    .         Rampage  .   r - +0 pair of gloves
Will     .....                  (no boots)
Stlth    +.........             i - amulet of reflection
HPRegen  0.18/turn              (no ring)
MPRegen  0.10/turn              (no ring)

@: no status effects
A: (nimble swimmer 2), mertail
a: no special abilities


You were on level 5 of the Dungeon.
You visited 1 branch of the dungeon, and saw 5 of its levels.

You collected 193 gold pieces.

Inventory:

Hand Weapons
 a - a +0 trident (weapon)
Missiles
 d - 4 throwing nets (quivered)
Armour
 b - a +0 leather armour (worn)
 c - a +0 helmet (worn)
 k - a +0 cloak (worn)
 r - a +0 pair of gloves (worn)
Jewellery
 f - a ring of fire
 i - an amulet of reflection (around neck)
Scrolls
 e - 3 scrolls of identify {unknown}
 g - a scroll of torment {unknown}
 h - 3 scrolls of teleportation {unknown}
 l - a scroll of fear {unknown}
 m - 2 scrolls of noise {unknown}
 o - a scroll of enchant weapon {unknown}
 q - a scroll of silence {unknown}
 v - a scroll of blinking {unknown}
 w - a scroll of magic mapping {unknown}
 y - a scroll of vulnerability {unknown}
Potions
 j - 2 potions of ambrosia {unknown}
 n - a potion of attraction {unknown}
 p - a potion of degeneration {unknown}
 t - a potion of magic {unknown}
 u - a potion of flight {unknown}
 x - 2 potions of heal wounds {unknown}
Miscellaneous
 s - a tin of tremorstones (1/2)


   Skills:
 + Level 4.2 Fighting
 + Level 6.6 Polearms
 - Level 2.0 Throwing
 + Level 2.2 Armour
 + Level 5.9 Dodging
 + Level 3.0 Shields


You had 6 spell levels left.
You didn't know any spells.
Your spell library contained the following spells:

 Spells                   Type           Power      Damage    Failure   Level
 Animate Skeleton         Necr           0%         N/A       47%         1
 Apportation              Tloc           0%         N/A       47%         1
 Corona                   Hex            0%         N/A       47%         1
 Summon Small Mammal      Summ           0%         N/A       47%         1
 Ensorcelled Hibernation  Hex/Ice        0%         N/A       63%         2
 Confusing Touch          Hex            0%         N/A       85%         3
 Dazzling Flash           Conj/Hex       0%         N/A       85%         3
 Tukima's Dance           Hex            0%         N/A       85%         3


Dungeon Overview and Level Annotations

Branches:
Dungeon (5/15)
 Temple: D:4-7

Altars:
Cheibriados
Hepliaklqana
Makhleb
Sif Muna
Trog

Annotations:
D:5 Ijyb, Sigmund


Innate Abilities, Weirdness & Mutations

((You are quick and stealthy near water. (Stealth+, EV+, Speed+++)))
Your lower body shifts to a powerful aquatic tail in water.


Message History

Aim: Sigmund, wielding a +0 scythe and wearing a +0 robe (almost dead, about 40% to evade your +0 trident)
You reach to attack!
You hit Sigmund but do no damage.
Sigmund is almost dead.
Ijyb the Twisted Goblin comes into view.
She is wielding a +0 club and carrying a wand of mindburst (18).
Sigmund barely misses you.
Reach: a) +0 trident
Press: ? - help, Dir - move target, f/p - Sigmund
Aim: Sigmund, wielding a +0 scythe and wearing a +0 robe (almost dead, about 40% to evade your +0 trident)
You reach to attack!
You closely miss Sigmund.
Sigmund is almost dead.
Unknown command.
Reach: a) +0 trident
Press: ? - help, Dir - move target, f/p - Sigmund
Aim: Sigmund, wielding a +0 scythe and wearing a +0 robe (almost dead, about 40% to evade your +0 trident)
You reach to attack!
You closely miss Sigmund.
Sigmund is almost dead.
Sigmund screams, "You will never...
NEVER!!!"
Sigmund closely misses you.
Reach: a) +0 trident
Press: ? - help, Dir - move target, f/p - Sigmund
Aim: Sigmund, wielding a +0 scythe and wearing a +0 robe (almost dead, about 40% to evade your +0 trident)
You reach to attack!
You barely miss Sigmund.
Sigmund is almost dead.
Sigmund hits you from afar with a +0 scythe.
Ijyb zaps a wand.
Your mind is blasted!
* * * LOW HITPOINT WARNING * * *
Reach: a) +0 trident
Press: ? - help, Dir - move target, f/p - Sigmund
Aim: Sigmund, wielding a +0 scythe and wearing a +0 robe (almost dead, about 40% to evade your +0 trident)
You reach to attack!
You barely miss Sigmund.
Sigmund is almost dead.
Sigmund misses you.
Reach: a) +0 trident
Press: ? - help, Dir - move target, f/p - Sigmund
Aim: Sigmund, wielding a +0 scythe and wearing a +0 robe (almost dead, about 40% to evade your +0 trident)
Okay, then.
The tremorstone explodes into fragments!
The burst of rock shards engulfs Ijyb but does no damage.
The burst of rock shards engulfs you!
You die...

.. ..
....#
.#..
...
###g.
.@.
###.#
#..@#
#?###
#


You could see Sigmund and Ijyb.

Vanquished Creatures
  2 necrophages (D:4)
  An ogre (D:4)
  2 hounds (D:4)
  An orc wizard (D:4)
  2 hound skeletons (D:4)
  5 adders
  5 worms
  4 dart slugs
  14 orcs
  4 bats
  7 endoplasms
  2 giant cockroaches
  6 goblins
  5 hobgoblins
  7 jackals
  3 quokkas
  10 ball pythons
  5 frilled lizards
  6 kobolds
  A quokka skeleton (D:4)
  5 rats
97 creatures vanquished.

Vanquished Creatures (others)
  An orc wizard (D:4)
1 creature vanquished.

Grand Total: 98 creatures vanquished

Notes
Turn   | Place    | Note
-------+----------+-------------------------------------------
     0 | D:1      | Lemonice the Merfolk Gladiator began the quest for the Orb.
     0 | D:1      | Reached XP level 1. HP: 16/16 MP: 1/1
   474 | D:1      | Reached XP level 2. HP: 22/22 MP: 2/2
  1355 | D:2      | Found a hazy altar of Hepliaklqana.
  1381 | D:2      | Reached XP level 3. HP: 28/28 MP: 3/3
  2139 | D:2      | Reached skill level 5 in Polearms
  2294 | D:3      | Reached skill level 1 in Shields
  2623 | D:3      | Reached XP level 4. HP: 34/34 MP: 4/4
  3017 | D:3      | Found a bloodstained altar of Trog.
  3017 | D:3      | Found a snail-covered altar of Cheibriados.
  3218 | D:3      | Reached skill level 1 in Armour
  3276 | D:3      | Reached XP level 5. HP: 41/41 MP: 5/5
  3738 | D:4      | Reached skill level 5 in Dodging
  3781 | D:4      | Noticed an ogre
  3792 | D:4      | Killed an ogre
  3793 | D:4      | Reached XP level 6. HP: 11/47 MP: 6/6
  4292 | D:4      | Found a burning altar of Makhleb.
  4293 | D:4      | Noticed a necrophage
  4306 | D:4      | Killed a necrophage
  4307 | D:4      | Reached skill level 6 in Polearms
  4558 | D:4      | Found a shimmering blue altar of Sif Muna.
  4936 | D:4      | Noticed a necrophage
  4943 | D:4      | Killed a necrophage
  4944 | D:4      | Reached XP level 7. HP: 54/54 MP: 7/7
  5098 | D:5      | Entered Level 5 of the Dungeon
  5098 | D:5      | Noticed Sigmund
  5102 | D:5      | Noticed Ijyb
  5107 | D:5      | Killed themself with a badly aimed burst of rock shards

Illustrated notes

Levels and vault maps discovered:
D:1:      nagdon_arrival_zigzag_paths, layout_loops_ring
D:2:      layout_loops_ring, basic_altar, hex_large, minmay_ruptured
D:3:      minmay_octagon_keep, layout_rooms, gammafunk_temple_overflow_wave,
          minmay_misc_feat_secret_circle, minivault_4, grunt_ministairs_8
D:4:      layout_loops_cross, nicolae_sif_muna_little_library,
          makhleb_blood_cavern_becter
D:5:      layout_rooms, nrook_uturn, uniq_sigmund, uniq_ijyb

Skill      XL: |  1  2  3  4  5  6  7 |
---------------+----------------------+-----
Polearms       | 5 6 |  6.6
Shields        | 1 2 3 |  3.0
Armour         | 1 2 |  2.2
Fighting       | 3 4 |  4.2
Dodging        | 5 |  5.9
Throwing       | |  2.0

Action                   |  1- 3 |  4- 6 |  7- 9 || total
-------------------------+-------+-------+-------++-------
Melee: Trident           |   147 |   218 |    22 ||   387
Evoke: Tin of tremorston |       |     1 |     1 ||     2
 Stab: Distracted        |     1 |       |       ||     1
       Sleeping          |       |     1 |       ||     1
Armor: Leather armour    |    36 |    42 |     2 ||    80
Dodge: Dodged            |    90 |    80 |    12 ||   182
Block: Other             |    27 |    38 |     3 ||    68
       Reflection        |       |     3 |       ||     3

Table legend: (Time is in decaauts)
 A = Elapsed time spent in this place.
 B = Non-inter-level travel time spent in this place.
 C = Inter-level travel time spent in this place.
 D = Time resting spent in this place.
 E = Time spent auto-exploring this place.
 F = Levels seen in this place.
 G = Mean time per level.
                   A        B        C        D        E       F      G
               +--------+--------+--------+--------+--------+-----+--------+
         Total |   5117 |   4908 |    209 |      0 |   4067 |   5 | 1023.4 |
       Dungeon |   5117 |   4908 |    209 |      0 |   4067 |   5 | 1023.4 |
               +--------+--------+--------+--------+--------+-----+--------+

Top non-repeatable levels by time:
     D:3: 1628 daAuts
     D:2: 1418 daAuts
     D:4: 1194 daAuts
     D:1: 867 daAuts
     D:5: 8 daAuts
